 Dungeon Crawl Stone Soup version 0.20-a0-229-ge6e0e65 (webtiles) character file.

386 Hercules the Carver (level 6, -1/44 HPs)
             Began as a Merfolk Gladiator on Nov 30, 2016.
             Slain by an orc
             ... wielding a +2 mace of protection
              (7 damage)
             ... on level 3 of the Dungeon.
             The game lasted 00:03:36 (1875 turns).

Hercules the Carver (Merfolk Gladiator)             Turns: 1875, Time: 00:03:37

Health: -1/44      AC:  4    Str: 16    XL:     6   Next: 78%
Magic:  6/6        EV: 13    Int:  7    God:
Gold:   104        SH:  3    Dex: 16    Spells: 5/5 levels left

rFire  . . .     SeeInvis .     a - +0 long sword
rCold  . . .     Gourm    .     b - +0 leather armour
rNeg   . . .     Faith    .     m - +0 buckler
rPois  .         Spirit   .     c - +0 helmet
rElec  .         Reflect  .     (no cloak)
rCorr  .         Harm     .     (no gloves)
MR     .....                    (no boots)
Stlth  +.........               (no amulet)
                                (no ring)
                                (no ring)

@: no status effects
A: change form in water, swift swim, stealthy swim
a: no special abilities


You were on level 3 of the Dungeon.
You were not hungry.

You visited 1 branch of the dungeon, and saw 3 of its levels.

You collected 104 gold pieces.

Inventory:

Hand Weapons
 a - a +0 long sword (weapon)
Missiles
 d - 3 throwing nets (quivered)
Armour
 b - a +0 leather armour (worn)
 c - a +0 helmet (worn)
 m - a +0 buckler (worn)
Scrolls
 e - 3 scrolls of identify {unknown}
 g - 3 scrolls of remove curse {unknown}
 i - a scroll of teleportation {unknown}
 j - a scroll of enchant weapon {unknown}
 k - a scroll of fear {unknown}
 n - a scroll of fog {unknown}
 q - a scroll of blinking {unknown}
Comestibles
 f - 2 bread rations
 h - a meat ration
 l - 2 fruits
 o - 2 chunks of flesh


   Skills:
 - Level 2.1 Fighting
 + Level 8.1 Long Blades
 - Level 2.0 Throwing
 - Level 4.0 Dodging


You had 5 spell levels left.
You didn't know any spells.

Dungeon Overview and Level Annotations

Branches:
Dungeon (3/15)

Altars:
Ashenzari
Xom


Message History

You hit the orc wizard.
The orc wizard is moderately wounded.
The orc hits you with a flail.
* * * LOW HITPOINT WARNING * * *
The orc closely misses you.
The orc wizard points at you and mumbles some strange words.
The magic dart hits you!
* * * LOW HITPOINT WARNING * * *
You slash the orc wizard!
You kill the orc wizard!
Your Long Blades skill increases to level 8!
You block the orc's attack.
The orc hits you with a mace of protection.
* * * LOW HITPOINT WARNING * * *
Unknown command.
You hit the orc but do no damage. The orc barely misses you.
You riposte.
You hit the orc.
The orc is heavily wounded.
The orc hits you with a mace of protection!
You die...

#######..## ###### #.#
....(.....## .. ...# #.#
##.###.#...#.#####.#####.#
#.###.#.................#
##...#.....#.#####.#######
.#.#.#.....#.#####.#
.#.#...............#
...........###...###
......#...## #.o@#
.###.###.## #.)o# .# #.#
## #...# .# #.# #...# ##
#.# #...# .. ..... #
...... # .......


You could see 2 orcs.

Vanquished Creatures
  Sigmund (D:2)
  2 orc wizards (D:3)
  Jessica (D:2)
  Robin (D:2)
  5 adders
  2 oozes
  A worm (D:2)
  A dart slug (D:1)
  A leopard gecko (D:3)
  2 orcs (D:3)
  A ball python (D:2)
  6 bats
  14 goblins
  15 hobgoblins
  5 jackals
  5 kobolds
  2 quokkas
  9 frilled lizards
  4 rats
78 creatures vanquished.

Notes
Turn   | Place    | Note
-------+----------+-------------------------------------------
     0 | D:1      | Hercules the Merfolk Gladiator began the quest for the Orb.
     0 | D:1      | Reached XP level 1. HP: 16/16 MP: 1/1
    48 | D:1      | Reached skill level 4 in Long Blades
    48 | D:1      | Reached XP level 2. HP: 21/22 MP: 2/2
   199 | D:1      | Reached XP level 3. HP: 18/27 MP: 3/3
   573 | D:2      | Gained mutation: You are somewhat resistant to further mutation. [potion of beneficial mutation]
   574 | D:2      | Gained mutation: You are agile. (Dex +2) [potion of beneficial mutation]
   575 | D:2      | Found a shattered altar of Ashenzari.
   579 | D:2      | Found a shimmering altar of Xom.
   617 | D:2      | Noticed Jessica
   625 | D:2      | Killed Jessica
   625 | D:2      | Reached skill level 5 in Long Blades
   625 | D:2      | Reached XP level 4. HP: 26/33 MP: 4/4
   669 | D:2      | Noticed Robin
   689 | D:2      | Killed Robin
   947 | D:2      | Noticed Sigmund
   986 | D:2      | Reached skill level 6 in Long Blades
   990 | D:2      | Lost mutation: You are agile. (Dex +2) [potion of cure mutation]
   990 | D:2      | Lost mutation: You are somewhat resistant to further mutation. [potion of cure mutation]
  1000 | D:2      | Killed Sigmund
  1000 | D:2      | Reached skill level 7 in Long Blades
  1000 | D:2      | Reached XP level 5. HP: 10/38 MP: 5/5
  1000 | D:2      | Reached XP level 6. HP: 12/44 MP: 6/6
  1874 | D:3      | Reached skill level 8 in Long Blades
  1875 | D:3      | Slain by an orc

Vault maps used:
D:1:      sevenhm_arrival_forest_fort_small_6
D:2:      nicolae_overflow_hidden_temple, uniq_robin, uniq_jessica, uniq_sigmund
D:3:      kennysheep_goblin_castle, amethyst_killhole

Skill      XL: |  1  2  3  4  5  6 |
---------------+-------------------+-----
Long Blades    | 4 5 7 8 |  8.1
Fighting       | |  2.1
Throwing       | |  2.0
Dodging        | |  4.0

Action                   |  1- 3 |  4- 6 || total
-------------------------+-------+-------++-------
Melee: Long sword        |    72 |   157 ||   229
  Use: Potion            |     2 |     2 ||     4
 Stab: Sleeping          |     1 |     3 ||     4
       Invisible         |       |     1 ||     1
  Eat: Chunk             |       |     4 ||     4
Armor: Leather armour    |    17 |    36 ||    53
Dodge: Dodged            |    50 |   109 ||   159
Block: Buckler           |       |    12 ||    12
       Rpst.: Long sword |    16 |    39 ||    55
